 Dungeon Crawl Stone Soup version 0.26-a0-651-gb41185065b (webtiles) character file.

Game seed: 9023160493479860400

1570 Irenicus the Geomancer (level 8, -11/62 HPs)
             Began as a Deep Dwarf Earth Elementalist on Oct 28, 2020.
             Was a Follower of Makhleb.
             Blown up by an orc wizard (18 damage)
             ... with a disintegration bolt
             ... on level 6 of the Dungeon.
             The game lasted 00:14:32 (2217 turns).

Irenicus the Geomancer (DDEE)                       Turns: 2217, Time: 00:14:32

Health: -11/62     AC:  8    Str: 11 (12) XL:     8   Next: 59%
Magic:  3/10       EV: 12    Int: 24      God:    Makhleb [*.....]
Gold:   410        SH:  5    Dex: 11 (13) Spells: 7/10 levels left

rFire    . . .     SeeInvis .   g - -3 dagger (curse)
rCold    . . .     Faith    .   (no shield)
rNeg     . . .     Spirit   .   a - +0 leather armour (curse)
rPois    .         Reflect  +   y - +1 helmet
rElec    .         Harm     .   l - +2 cloak
rCorr    .         Rampage  .   (no gloves)
MR       +....     Rnd*Tele +   (no boots)
Stlth    ++........             h - amulet of reflection
HPRegen  0.00/turn              f - +6 ring of intelligence
MPRegen  0.12/turn              o - ring of teleportation (curse)

@: non-regenerating
A: damage resistance, heal wounds, sense surroundings 1, no regeneration
a: Heal Wounds, Renounce Religion


You were on level 6 of the Dungeon.
You worshipped Makhleb.
Makhleb was aware of your devotion.
You visited 2 branches of the dungeon, and saw 7 of its levels.

You collected 410 gold pieces.

Inventory:

Hand Weapons
 c - a +0 dagger
   (You took it off a goblin on level 1 of the Dungeon)
 g - a cursed -3 dagger (weapon)
   (You found it on level 1 of the Dungeon)
 n - a +0 dagger of venom
   (You found it on level 6 of the Dungeon)
 D - a +2 dagger of speed
   (You took it off an orc wizard on level 5 of the Dungeon)
Missiles
 b - 6 stones (quivered)
Armour
 a - a cursed +0 leather armour (worn)
   (You found it on level 1 of the Dungeon)
 l - a +2 cloak (worn)
   (You found it on level 2 of the Dungeon)
 x - a +0 ring mail
   (You found it on level 2 of the Dungeon)
 y - a +1 helmet (worn)
   (You found it on level 3 of the Dungeon)
Jewellery
 f - a +6 ring of intelligence (left hand)
   (You found it on level 1 of the Dungeon)
 h - an amulet of reflection (around neck)
   (You found it on level 1 of the Dungeon)
 k - an uncursed ring of protection from fire {rF+, !d}
   (You found it on level 1 of the Dungeon)
 o - a cursed ring of teleportation (right hand)
   (You found it on level 5 of the Dungeon)
 q - an uncursed ring of protection from cold {rC+, !d}
   (You found it on level 2 of the Dungeon)
Wands
 d - a wand of acid (6)
   (You found it on level 2 of the Dungeon)
Scrolls
 e - a scroll of immolation {!r}
 i - a scroll of teleportation
 r - a scroll of noise {!r}
 w - a scroll of enchant weapon
 B - 2 scrolls of fog
Potions
 j - a potion of invisibility
 m - 3 potions of degeneration {!q}
 p - a potion of heal wounds
 s - a potion of mutation {!q}
 t - 2 potions of brilliance
 u - a potion of cancellation
 z - a potion of berserk rage {!q}
 C - 2 potions of haste


   Skills:
 - Level 2.1 Dodging
 - Level 2.4 Stealth
 - Level 1.7 Spellcasting
 - Level 0.8 Transmutations
 - Level 14.0 Earth Magic
 + Level 0.0 Evocations


You had 7 spell levels left.
You knew the following spells:

 Your Spells              Type           Power        Failure   Level
a - Sandblast             Erth           ######       1%          1
w - Passwall              Tmut/Erth      #####...     1%          2

Your spell library contained the following spells:

 Spells                   Type           Power        Failure   Level
 Lee's Rapid Deconstruct  Erth           ######....   1%          5
 Stone Arrow              Conj/Erth      #####.       2%          3
 Petrify                  Tmut/Erth      #####...     8%          4


Dungeon Overview and Level Annotations

Branches:
Dungeon (6/15)             Temple (1/1) D:5

Altars:
Fedhas
Hepliaklqana
Makhleb
Ru
Trog
Uskayaw
Yredelemnul

Shops:
D:5 }[


Innate Abilities, Weirdness & Mutations

You are resistant to damage.
You can heal yourself by infusing magical energy.
You passively map a small area around you.
You do not regenerate.


Message History

You now have 1/10 mp.
Casting: Sandblast (safe; 1% risk of failure)
Confirm with . or Enter, or press ? or * to list all spells.
Aiming: Sandblast (safe; 1% risk of failure)
Press: ? - help, Shift-Dir - straight line, f/p - bullfrog
Aim: a bullfrog (severely wounded)
You feel a surge of power!
The blast of sand hits the bullfrog!!
You kill the bullfrog!
Makhleb accepts your kill.
b - 11 stones You now have 0/10 mp.
Casting: Sandblast (safe; 1% risk of failure)
Confirm with . or Enter, or press ? or * to list all spells.
You don't have enough magic to cast that spell.
Unknown command.
You hit the orc but do no damage. The orc hits you but does no damage.
You barely miss the orc. The orc hits you but does no damage.
You barely miss the orc. The orc hits you but does no damage.
Casting: Sandblast (safe; 1% risk of failure)
Confirm with . or Enter, or press ? or * to list all spells.
Aiming: Sandblast (safe; 1% risk of failure)
Press: ? - help, Shift-Dir - straight line, f - orc
Aim: an orc, wearing a +0 scale mail You feel a surge of power!
The blast of sand hits the orc!!
You kill the orc!
Makhleb accepts your kill.
b - 10 stones You now have 0/10 mp.
Okay, then.
As you read the scroll of identify, it crumbles to dust.
s - a potion of mutation
As you read the scroll of identify, it crumbles to dust.
p - a potion of heal wounds
As you read the scroll of identify, it crumbles to dust.
z - a potion of berserk rage
As you read the scroll of identify, it crumbles to dust.
u - a potion of cancellation You start resting.
Your transformation is almost over.
You regained 2 mp, and now have 2/10 mp.
You start resting.
You feel less wooden.
Your +2 cloak unmelds from your body.
Your +1 helmet unmelds from your body.
Your cursed +0 leather armour unmelds from your body.
You now have 7/62 hp.
You feel a little less clever now.
You now have 402 gold pieces (gained 8).
You now have 410 gold pieces (gained 8).
A phantom comes into view.
Casting: Sandblast (safe; 1% risk of failure)
Confirm with . or Enter, or press ? or * to list all spells.
You can't see any susceptible monsters within range! (Use Z to cast anyway.) Unknown command.
Casting: Sandblast (safe; 1% risk of failure)
Confirm with . or Enter, or press ? or * to list all spells.
Aiming: Sandblast (safe; 1% risk of failure)
Press: ? - help, Shift-Dir - straight line, f - phantom
Aim: a phantom The blast of sand hits the phantom!!
The phantom is severely damaged.
b - 9 stones You now have 5/10 mp.
Casting: Sandblast (safe; 1% risk of failure)
Confirm with . or Enter, or press ? or * to list all spells.
Aiming: Sandblast (safe; 1% risk of failure)
Press: ? - help, Shift-Dir - straight line, f/p - phantom
Aim: a phantom (severely damaged)
The blast of sand misses the phantom.
b - 8 stones The phantom barely misses you.
You now have 4/10 mp.
Casting: Sandblast (safe; 1% risk of failure)
Confirm with . or Enter, or press ? or * to list all spells.
Aiming: Sandblast (safe; 1% risk of failure)
Press: ? - help, Shift-Dir - straight line, f/p - phantom
Aim: a phantom (severely damaged)
The blast of sand hits the phantom!
You destroy the phantom!
Makhleb accepts your kill.
You feel your dexterity returning.
Your Earth Magic skill increases to level 14!
b - 7 stones You now have 3/10 mp.
Casting: Sandblast (safe; 1% risk of failure)
Confirm with . or Enter, or press ? or * to list all spells.
Okay, then.
Unknown command.
You feel strangely unstable.
You are suddenly yanked towards some nearby monsters!
Your surroundings suddenly seem different.
The orc shouts!
You hear a shout!
Casting: Sandblast (safe; 1% risk of failure)
Confirm with . or Enter, or press ? or * to list all spells.
Aiming: Sandblast (safe; 1% risk of failure)
Press: ? - help, Shift-Dir - straight line, f - orc
Aim: an orc, wielding a +0 dagger The blast of sand misses the orc.
b - 6 stones The orc wizard zaps a wand.
You are blasted!
You die...

* ###.<...# #.# ##.#
####.......###'#
##....#..##........'_#
##*..........#.....###'#
, #..#...##...<#.....#
#.# .......
#o.........###.#
.....*#...............
#..#....#....)...#.. ,
,, #.@o...#.##.#.....#
#..o.#....###.....#
*#....#o ......##.## ,
#......##........# ,
.........)...#.#.##
.#.....###.....##... ,
.#....####.......... , .
#....###........... ,
#............


You could see an orc wizard and 2 orcs.

Vanquished Creatures
  Pikel (D:6)
  A sky beast (D:5)
  2 phantoms
  A necrophage (D:6)
  A bullfrog (D:6)
  A wyvern zombie (D:6)
  2 scorpions (D:5)
  3 wights (D:6)
  A bullfrog zombie (D:6)
  Ijyb (D:3)
  6 orc wizards
  3 worker ants
  2 hound zombies
  A hound skeleton (D:4)
  2 adders (D:4)
  A shadow imp (D:5)
  3 adder skeletons
  2 worms (D:2)
  2 dart slugs (D:2)
  2 leopard geckos
  7 orcs
  2 ball pythons
  2 giant cockroaches
  6 goblins
  6 hobgoblins
  8 jackals (D:3)
  2 quokkas
  2 bats
  2 frilled lizards (D:3)
  2 kobolds (D:1)
  2 quokka zombies (D:5)
  3 rats
82 creatures vanquished.

Vanquished Creatures (others)
  29 plants (D:5)
29 creatures vanquished.

Grand Total: 111 creatures vanquished

Notes
Turn   | Place    | Note
-------+----------+-------------------------------------------
     0 | D:1      | Irenicus the Deep Dwarf Earth Elementalist began the quest
                  | for the Orb.
     0 | D:1      | Reached XP level 1. HP: 15/15 MP: 3/3
   261 | D:1      | Reached XP level 2. HP: 10/22 MP: 2/4
   464 | D:2      | Reached skill level 5 in Earth Magic
   501 | D:2      | HP: 4/22 [worker ant (5)]
   509 | D:2      | Reached XP level 3. HP: 24/28 MP: 0/5
   555 | D:2      | Reached skill level 6 in Earth Magic
   556 | D:2      | You fall into a shaft and drop 1 floor!
   909 | D:3      | Learned a level 2 spell: Passwall
   912 | D:3      | Found a bloodstained altar of Trog.
   920 | D:3      | Reached XP level 4. HP: 31/36 MP: 1/6
   935 | D:3      | Noticed Ijyb
   998 | D:3      | Killed Ijyb
   998 | D:3      | Reached skill level 7 in Earth Magic
  1008 | D:3      | You fall into a shaft and drop 1 floor!
  1081 | D:3      | Found a basalt altar of Yredelemnul.
  1270 | D:4      | Reached XP level 5. HP: 34/42 MP: 0/7
  1344 | D:4      | Reached skill level 8 in Earth Magic
  1506 | D:5      | Entered Level 5 of the Dungeon
  1509 | D:5      | Found a staircase to the Ecumenical Temple.
  1518 | Temple   | Entered the Ecumenical Temple
  1552 | Temple   | Became a worshipper of Makhleb the Destroyer
  1613 | D:5      | Found Husethro's Gadget Emporium.
  1616 | D:5      | Reached skill level 9 in Earth Magic
  1616 | D:5      | Reached XP level 6. HP: 40/49 MP: 2/8
  1748 | D:5      | Reached skill level 10 in Earth Magic
  1863 | D:5      | Reached XP level 7. HP: 29/55 MP: 7/9
  1886 | D:5      | Found Mosuf's Armour Emporium.
  1931 | D:5      | Found a bloodstained altar of Trog.
  1967 | D:6      | Reached skill level 11 in Earth Magic
  1973 | D:6      | Found a hazy altar of Hepliaklqana.
  2096 | D:6      | Reached skill level 12 in Earth Magic
  2108 | D:6      | Reached * piety under Makhleb
  2128 | D:6      | Noticed Pikel
  2139 | D:6      | HP: 6/55 [Pikel/iceblast (13)]
  2148 | D:6      | Killed Pikel
  2148 | D:6      | Reached skill level 13 in Earth Magic
  2148 | D:6      | Reached XP level 8. HP: 10/62 MP: 2/10
  2209 | D:6      | Reached skill level 14 in Earth Magic
  2217 | D:6      | Blown up by an orc wizard

Illustrated notes

Levels and vault maps discovered:
D:1:      dpeg_arrival_pits, layout_loops_ring
D:2:      layout_rooms, roderic_roman_lattice
D:3:      layout_rooms, yredelemnul_altar_generic, trog_butcher_becter,
          uniq_ijyb
D:4:      layout_cave_pools
D:5:      layout_loops_ring, lightli_temple_of_fire,
          minmay_temple_entry_slanted, serial_bayou, serial_bayou_lagoon_a,
          serial_bayou_crossing, serial_bayou_shore_a, serial_bayou_ford_a,
          serial_bayou_lagoon_b, serial_bayou_pond_e, serial_shops, shop_coins,
          nicolae_shop_stone
D:6:      layout_cave_pools, lemuel_doored_altar, uniq_pikel
Temple:   dpeg_five_rooms_temple

Skill      XL: |  1  2  3  4  5  6  7  8 |
---------------+-------------------------+-----
Earth Magic    | 5 6 7 9 10 13 14 | 14.0
Dodging        | |  2.1
Stealth        | |  2.4
Spellcasting   | |  1.7
Transmutations | |  0.8

Action                   |  1- 3 |  4- 6 |  7- 9 || total
-------------------------+-------+-------+-------++-------
Melee: Dagger            |    22 |    57 |     3 ||    82
 Cast: Sandblast         |    36 |    57 |    38 ||   131
       Passwall          |     1 |     2 |       ||     3
 Abil: Heal Wounds       |     1 |       |       ||     1
Evoke: Wand              |       |       |     1 ||     1
  Use: Potion            |     1 |     2 |     3 ||     6
       Scroll            |       |     9 |     5 ||    14
 Stab: Sleeping          |     2 |       |       ||     2
       Invisible         |     1 |       |       ||     1
Armor: Leather armour    |     8 |    23 |     5 ||    36
       Skin              |       |       |     4 ||     4
Dodge: Dodged            |    21 |    42 |    11 ||    74
Block: Other             |     3 |    21 |     1 ||    25
       Reflection        |     1 |       |       ||     1

Table legend: (Time is in decaauts)
 A = Elapsed time spent in this place.
 B = Non-inter-level travel time spent in this place.
 C = Inter-level travel time spent in this place.
 D = Time resting spent in this place.
 E = Time spent auto-exploring this place.
 F = Levels seen in this place.
 G = Mean time per level.
                   A        B        C        D        E       F      G
               +--------+--------+--------+--------+--------+-----+--------+
         Total |   2218 |   2123 |     95 |     18 |     44 |   7 |  316.9 |
       Dungeon |   2153 |   2088 |     65 |     18 |     44 |   6 |  358.8 |
        Temple |     65 |     35 |     30 |      0 |      0 |   1 |   65.0 |
               +--------+--------+--------+--------+--------+-----+--------+

Top non-repeatable levels by time:
     D:1: 431 daAuts
     D:2: 416 daAuts
     D:5: 391 daAuts
     D:3: 341 daAuts
     D:4: 313 daAuts
     D:6: 258 daAuts
  Temple: 65 daAuts

Table legend:
 A = Kills in this place as a percentage of kills in entire the game.
 B = Kills by you in this place as a percentage of kills by you in the entire game.
 C = Kills by friends in this place as a percentage of kills by friends in the entire game.
 D = Other kills in this place as a percentage of other kills in the entire game.
 E = Experience gained in this place as a percentage of experience gained in the entire game.
 F = Experience gained in this place divided by the number of levels of this place that you have seen.
                   A       B       C       D       E      F
               +-------+-------+-------+-------+-------+----------------------
         Total | 100.0 | 100.0 |   N/A |   N/A | 100.0 | 320.6
       Dungeon | 100.0 | 100.0 |   N/A |   N/A | 100.0 | 374.0
               +-------+-------+-------+-------+-------+----------------------
